Map: [ESL] Dragon Scales

Players

IGXY (XY)

  • Race: Terran Terran
  • Spawn Location: 11:00

Jieshi - Winner!

  • Race: Protoss Protoss
  • Spawn Location: 5:00

Event: ESL SC2 Masters 2023 Summer (Regionals)

VOD

Have the link to the VOD?

Description

Time

  • Played on: May 11, 2023, 7:22 a.m.
  • Length: 9:09

All games in this series

Show
View Real Time Build Order
Export as new Build Order

IGXY Terran 

Build Orders:  

Get SALT Encoding   

  12  0:00  SCV  
  13  0:12  SCV  
  14  0:17  Supply Depot  
  14  0:24  SCV  
  15  0:38  SCV  
  15  0:40  Barracks  
  16  0:43  Refinery  
  16  0:50  SCV  
  16  0:52  Refinery  
  17  1:02  SCV  
  18  1:14  SCV  
  19  1:28  Orbital Command, Reaper  
  19  1:31  Supply Depot  
  20  1:42  Factory  
  20  1:53  SCV  
  21  2:00  Barracks Reactor  
  21  2:05  SCV  
  22  2:17  SCV  
  23  2:24  Command Center  
  23  2:29  Hellion  
  25  2:30  SCV  
  25  2:36  Reaper x2  
  28  2:42  Supply Depot  
  28  2:45  SCV  
  28  2:50  Hellion  
  31  3:02  Starport  
  31  3:03  SCV  
  32  3:09  Marine x2  
  32  3:12  Factory Tech Lab  
  34  3:15  SCV  
  35  3:26  Marine  
  35  3:27  Marine, SCV  
  38  3:36  Cyclone  
  38  3:40  SCV  
  42  3:41  Viking  
  42  3:45  Marine  
  42  3:46  Marine  
  46  3:54  SCV  
  46  4:03  Marine x2  
  46  4:08  Cyclone  
  46  4:09  Orbital Command  
  52  4:13  Supply Depot  
  51  4:21  Marine x2  
  51  4:24  Viking  
  53  4:25  SCV  
  54  4:36  Supply Depot  
  54  4:37  SCV  
  55  4:42  Siege Tank  
  59  4:48  Marine x2  
  59  4:49  SCV  
  61  4:54  SCV  
  61  4:56  Starport Tech Lab, Supply Depot  
  62  5:00  Barracks  
  62  5:06  Marine x2  
  55  5:14  Siege Tank  
  55  5:15  SCV  
  55  5:20  Raven  
  56  5:23  Marine x2  
  56  5:24  Barracks  
  54  5:33  SCV  
  54  5:35  Engineering Bay, Refinery  
  54  5:38  SCV  
  54  5:41  Marine x2  
  57  5:45  SCV  
  57  5:47  Siege Tank  
  61  5:50  SCV  
  61  5:56  Refinery  
  62  5:57  SCV  
  62  5:59  Marine x2  
  62  6:04  Terran Infantry Weapons Level 1  
  65  6:06  SCV  
  65  6:08  Starport Tech Lab  
  65  6:09  SCV  
  67  6:15  Marine  
  67  6:16  Stimpack  
  69  6:18  SCV  
  69  6:22  Marine  
  69  6:23  SCV  
  68  6:30  SCV  
  68  6:32  Barracks, Marine  
  68  6:33  Barracks  
  68  6:35  SCV, Supply Depot  
  68  6:36  Marine  
  68  6:37  Siege Tank  
  68  6:38  Starport Reactor  
  74  6:43  SCV  
  74  6:46  Supply Depot  
  75  6:47  SCV  
  75  6:50  Supply Depot  
  75  6:51  Combat Shield  
  75  6:52  Marine  
  75  6:53  Marine  
  78  6:57  SCV  
  78  6:59  Marauder  
  78  7:01  Marauder  
  83  7:09  Siege Tank  
  83  7:13  Marine x2  
  88  7:17  Medivac  
  88  7:18  Medivac  
  88  7:20  Marine x2  
  88  7:21  Marine  
  88  7:22  Marine  
  96  7:27  Supply Depot  
  96  7:28  Supply Depot  
  96  7:31  Marine x2  
  96  7:35  Supply Depot  
  98  7:38  Marine  
  98  7:40  Marauder  
  101  7:45  Marine  
  101  7:49  Marine, Siege Tank, Marauder  
  108  7:57  Liberator x2  
  108  7:58  Marine x2  
  114  8:01  Marine  
  114  8:04  Supply Depot x2  
  117  8:06  Marine  
  117  8:07  Marine  
  117  8:10  Marine  
  120  8:16  Marine  
  118  8:26  Marine, Marauder  
  87  8:28  Marine x2  
  87  8:29  Marauder  
  87  8:31  Siege Tank  
  87  8:34  Marine  
  87  8:35  SCV x2  
  88  8:44  Marine  
  88  8:45  Marine  
  88  8:48  Marauder, Marine  
Show
View Real Time Build Order
Export as new Build Order

Jieshi Protoss - Winner!

Build Orders: 1 Gate Expand, Oracle Opening 

Get SALT Encoding   

  12  0:00  Probe  
  13  0:12  Probe  
  14  0:18  Pylon  
  14  0:25  Probe (Chrono Boost)  
  15  0:36  Gateway  
  15  0:37  Probe (Chrono Boost)  
  16  0:43  Probe (Chrono Boost)  
  16  0:47  Assimilator  
  17  0:51  Probe  
  18  1:03  Probe  
  19  1:15  Probe  
  20  1:23  Nexus  
  20  1:32  Cybernetics Core  
  20  1:34  Probe  
  20  1:39  Assimilator  
  21  1:46  Probe  
  22  1:51  Pylon  
  22  1:58  Probe  
  23  2:06  Adept (Chrono Boost)  
  23  2:10  Probe  
  26  2:17  Stargate  
  26  2:22  Probe  
  26  2:27  Warp Gate  
  26  2:29  Adept (Chrono Boost)  
  27  2:35  Probe (Chrono Boost)  
  31  2:40  Probe (Chrono Boost)  
  32  2:45  Probe (Chrono Boost)  
  32  2:48  Probe (Chrono Boost)  
  32  2:50  Probe (Chrono Boost)  
  33  2:58  Adept  
  36  2:59  Probe  
  36  3:02  Probe, Oracle (Chrono Boost)  
  41  3:06  Pylon  
  41  3:11  Probe  
  42  3:14  Probe  
  43  3:21  Gateway  
  43  3:23  Probe  
  43  3:26  Probe  
  43  3:27  Twilight Council  
  45  3:35  Probe  
  45  3:36  Gateway  
  45  3:38  Probe  
  47  3:48  Probe  
  48  3:50  Probe  
  48  3:54  Pylon  
  49  4:04  Probe x2, Blink (Chrono Boost)  
  50  4:16  Probe x2, Nexus  
  52  4:25  Stalker x2  
  52  4:28  Probe, Shield Battery  
  52  4:29  Probe  
  52  4:30  Assimilator  
  58  4:33  Stalker, Assimilator  
  60  4:41  Probe x2  
  60  4:42  Shield Battery  
  59  4:53  Stalker  
  59  4:56  Gateway  
  61  5:00  Pylon  
  61  5:06  Stalker  
  61  5:09  Probe  
  61  5:12  Probe  
  61  5:18  Stalker  
  61  5:19  Stalker  
  63  5:24  Probe  
  58  5:31  Probe  
  58  5:33  Robotics Facility  
  59  5:36  Probe x2, Forge  
  59  5:41  Stalker x2  
  65  5:43  Stalker  
  65  5:48  Probe  
  65  5:49  Probe  
  69  5:50  Probe  
  69  5:56  Templar Archives  
  70  6:01  Probe x2  
  70  6:03  Probe  
  70  6:04  Charge (Chrono Boost)  
  73  6:07  Pylon  
  73  6:10  Psionic Storm  
  73  6:11  Protoss Ground Armor Level 1 (Chrono Boost)  
  73  6:13  Probe x2  
  73  6:15  Probe  
  73  6:16  Stalker  
  78  6:25  Probe  
  77  6:29  Probe, Gateway x2  
  79  6:37  Probe  
  80  6:40  Gateway, Observer  
  80  6:42  Photon Cannon  
  80  6:43  Gateway  
  80  6:47  Shield Battery  
  80  6:48  Pylon  
  80  6:55  High Templar, Zealot x2  
  80  6:58  Pylon  
  86  7:02  Pylon x2  
  86  7:07  High Templar  
  86  7:08  Pylon  
  88  7:15  Pylon  
  88  7:16  Zealot x2  
  88  7:19  Nexus  
  92  7:23  Pylon  
  92  7:25  High Templar  
  92  7:27  Immortal (Chrono Boost)  
  94  7:32  Zealot x2, Observer  
  94  7:34  Probe x2  
  94  7:36  Probe  
  105  7:44  High Templar, Zealot x3  
  105  7:46  Photon Cannon  
  113  7:52  Observer  
  112  7:58  Pylon  
  112  8:01  Zealot  
  112  8:02  Zealot x3  
  112  8:05  High Templar  
  123  8:06  Zealot x2  
  123  8:11  Pylon  
  125  8:24  Archon  
  101  8:28  Zealot x6  
  101  8:29  Zealot  
  119  8:44  Zealot  
  107  8:51  Zealot x6  
  107  8:52  Zealot  
  113  8:57  Nexus  
Tags
 
Add a new tag
Caveats
  • Supply blocks, unpowered buildings, or Contaminate may cause inaccurate times.
  • Supply counts are checked every 10 seconds.